Map: Orbital Shipyard

Players

llllllllllll

  • Race: Terran Terran
  • League: Master

IlIlIlIlIlIl - Winner!

  • Race: Protoss Protoss
  • League: Grandmaster

VOD

Have the link to the VOD?

Description

Time

  • Played on: Jan. 21, 2016, 12:39 a.m.
  • Length: 7:07
Show
View Real Time Build Order
Export as new Build Order

llllllllllll Terran 

Build Orders: Cyclone Opening 

Get SALT Encoding   

  12  0:01  SCV  
  13  0:13  SCV  
  14  0:18  Supply Depot  
  14  0:25  SCV  
  15  0:40  SCV  
  15  0:41  Barracks  
  16  0:45  Refinery  
  16  0:52  SCV  
  17  1:06  SCV  
  18  1:19  SCV  
  19  1:31  Orbital Command  
  19  1:40  Command Center  
  19  1:44  Marine  
  20  1:56  Factory  
  20  1:59  SCV  
  21  2:05  Refinery  
  21  2:15  SCV  
  22  2:23  Barracks Tech Lab  
  22  2:27  SCV  
  23  2:48  Supply Depot  
  23  2:52  Cyclone, SCV  
  23  2:55  Orbital Command  
  27  3:04  SCV  
  27  3:05  Factory  
  28  3:16  SCV  
  28  3:18  Refinery  
  28  3:19  Refinery  
  29  3:22  SCV  
  30  3:30  SCV  
  30  3:32  Cyclone  
  35  3:34  SCV  
  35  3:35  Engineering Bay  
  34  3:45  SCV  
  34  3:46  SCV  
  36  3:54  Widow Mine  
  38  3:57  SCV  
  38  4:00  SCV  
  40  4:04  Cyclone  
  44  4:10  SCV  
  44  4:12  SCV  
  45  4:17  Factory  
  45  4:22  Supply Depot, SCV  
  45  4:23  Supply Depot, Factory Reactor  
  46  4:34  Barracks Tech Lab, Supply Depot  
  46  4:44  SCV x2  
  46  4:45  Mag-Field Accelerator, Cyclone  
  51  4:51  Armory  
  51  4:58  SCV x2  
  53  5:04  Widow Mine  
  53  5:05  Widow Mine  
  53  5:06  Cyclone  
  60  5:10  SCV x2  
  62  5:16  Supply Depot x2  
  62  5:21  Cyclone  
  62  5:27  SCV x2  
  67  5:33  Widow Mine  
  69  5:37  Widow Mine  
  69  5:40  Cyclone  
  74  5:43  SCV x2  
  74  5:49  Command Center  
  76  5:55  Supply Depot  
  76  5:56  Supply Depot  
  76  5:59  SCV x2  
  76  6:03  Cyclone  
  81  6:18  Widow Mine  
  81  6:19  Widow Mine  
  85  6:32  SCV x2  
Show
View Real Time Build Order
Export as new Build Order

IlIlIlIlIlIl Protoss - Winner!

Build Orders: Nexus First, Blink Stalkers 

Get SALT Encoding   

  12  0:01  Probe (Chrono Boost)  
  13  0:11  Probe (Chrono Boost)  
  14  0:18  Pylon  
  14  0:22  Probe (Chrono Boost)  
  15  0:36  Probe (Chrono Boost)  
  16  0:47  Probe (Chrono Boost)  
  17  0:57  Nexus  
  17  1:06  Gateway  
  17  1:10  Probe (Chrono Boost)  
  18  1:20  Probe (Chrono Boost)  
  18  1:21  Assimilator  
  18  1:22  Assimilator  
  19  1:31  Probe (Chrono Boost)  
  20  1:42  Probe (Chrono Boost)  
  21  1:52  Probe (Chrono Boost)  
  22  1:54  Cybernetics Core  
  22  2:03  Probe (Chrono Boost)  
  23  2:13  Probe x2 (Chrono Boost)  
  25  2:23  Probe (Chrono Boost)  
  25  2:24  Probe (Chrono Boost)  
  27  2:30  Adept  
  27  2:31  Warp Gate  
  27  2:34  Probe (Chrono Boost), Mothership Core (Chrono Boost)  
  32  2:45  Probe (Chrono Boost)  
  32  2:48  Nexus  
  33  2:53  Probe (Chrono Boost)  
  33  2:55  Probe (Chrono Boost)  
  37  3:03  Probe (Chrono Boost)  
  38  3:08  Pylon  
  38  3:09  Probe (Chrono Boost)  
  38  3:11  Twilight Council  
  37  3:14  Probe (Chrono Boost)  
  38  3:25  Pylon  
  38  3:26  Probe x2 (Chrono Boost)  
  40  3:37  Probe x2 (Chrono Boost)  
  42  3:42  Pylon  
  42  3:46  Probe (Chrono Boost)  
  42  3:47  Probe (Chrono Boost), Blink (Chrono Boost)  
  42  3:56  Probe  
  42  3:57  Gateway x2  
  42  3:59  Probe  
  42  4:02  Probe, Robotics Facility  
  44  4:07  Probe  
  46  4:11  Probe  
  46  4:13  Probe  
  46  4:15  Gateway  
  48  4:17  Probe  
  48  4:21  Gateway  
  48  4:23  Probe x2  
  50  4:28  Probe  
  50  4:29  Gateway  
  52  4:33  Gateway  
  52  4:34  Probe  
  52  4:35  Probe  
  54  4:39  Probe  
  54  4:40  Assimilator  
  54  4:41  Assimilator  
  55  4:48  Pylon  
  58  4:53  Warp Prism (Chrono Boost)  
  58  4:55  Stalker  
  58  4:56  Stalker  
  58  4:58  Stalker  
  58  4:59  Probe  
  64  5:00  Probe x2  
  66  5:10  Probe  
  66  5:11  Probe  
  66  5:12  Probe, Pylon, Stalker  
  71  5:21  Probe  
  71  5:23  Probe, Stalker  
  71  5:24  Probe, Stalker x2  
  71  5:27  Observer (Chrono Boost)  
  81  5:31  Probe, Pylon  
  80  5:36  Probe  
  81  5:46  Stalker  
  81  5:47  Stalker x3  
  81  5:48  Stalker x2  
  93  5:51  Observer (Chrono Boost)  
  93  5:52  Stalker  
  93  5:56  Probe  
  96  5:58  Probe x2  
  96  6:00  Assimilator  
  96  6:01  Assimilator  
  99  6:07  Probe  
  98  6:19  Stalker  
  98  6:24  Stalker  
  100  6:27  Pylon  
  100  6:28  Pylon  
  100  6:30  Pylon, Stalker  
  100  6:39  Pylon  
  100  6:41  Pylon  
  100  6:44  Stalker x2  
  100  6:45  Stalker x2  
  91  7:06  Stalker  
  91  7:07  Stalker  
Tags
 
Add a new tag
Caveats
  • Supply blocks, unpowered buildings, or Contaminate may cause inaccurate times.
  • Supply counts are checked every 10 seconds.